cohdb
Replays
Latest Replays
All Replays
Popular Replays
Top Player Replays
Match Explorer
How It Works
Community
CoH3 Stats
Reddit
Sign in to upload your games and track your stats! →
Sign in with Steam
Match 42712775
Unlisted
Match 42712775
Overview
Messages
Build Orders
End
Royal Engineer Section
Vickers Machine Gun Team
Construct Section Command Post
Infantry Section
Infantry Section
Construct Platoon Command Post
Unlock M3 Stuart Light Tanks
M3 Stuart Light Tank
Construct Field Infirmary
Selects Heavy Armor Battlegroup
Selects Rigorous Vehicle Training
Selects Light Vehicle Withdraw and Refit
Selects Radio Net
6-pounder Anti-tank Gun Team
Construct Company Command Post
Selects Designate Targets
Selects Forward Repair Assembly
Selects UNKNOWN (2162094)
Designate Targets
Churchill IV Heavy Tank
Designate Targets
Protez
Kylen
runningDuck
mooncat_black
LotDExile
Temsy36
(GER) Eric
Hosty
0
0
Comments
sign in to comment!
No comments posted yet!